AoeStats
← FJL

Arabia

510877812Analyzed
1v1 RM · 8h ago on Oct 2, 2026· 30m 40s· 2 players
Game mode
Random Map
Map size
Tiny (2 player)
Population
200
Speed
Normal
Resources
Standard
Victory
Conquest
Starting age
Dark Age
Ending age
Imperial Age
RankedLock teamsTeams togetherTeam positionsShared explorationLock speedFull tech treeHidden civsTurbo modeCheats
Victory
Defeat
🇦🇷 Vietnamese · Argentina
1781
+17
🇷🇴 Saxons · Romania
1798
-17
FJL
6:16 Loom
9:15 Feudal Age
9:22 Man-at-Arms
12:09 Double-Bit Axe
14:25 Fletching
16:52 Wheelbarrow
21:14 Castle Age
20:21 Horse Collar
20:32 Gold Mining
20:53 Padded Archer Armor
22:52 Bow Saw
23:50 Bodkin Arrow
26:05 Husbandry
27:11 Bloodlines
28:25 Ballistics
ImperPok
6:02 Loom
8:50 Feudal Age
20:34 Castle Age
18:38 Double-Bit Axe
19:00 Horse Collar
19:37 Fletching
19:38 Gold Mining
20:35 Scale Barding Armor
21:09 Wheelbarrow
20:41 Gold Mining
21:31 Bloodlines
21:38 Husbandry
Connection lost

Rejoining the realm…

Still unreachable

The connection could not be restored.

Session expired

The server has moved on; the page needs a fresh start.